 Dungeon Crawl Stone Soup version 0.31-a0-845-g9abc20d24f (webtiles) character file.

Game seed: 14932869038048033742

2192 Barthur98 the Grappler (level 9, -2/71 HPs)
             Began as a Black Draconian Shapeshifter on Oct 2, 2023.
             Slain by an unseen horror (8 damage)
             ... on level 6 of the Dungeon.
             The game lasted 00:29:50 (4981 turns).

Barthur98 the Grappler (DrSh)                       Turns: 4981, Time: 00:29:50

Health: -2/71      AC:  7    Str: 23    XL:     9   Next: 12%
Magic:  9/9        EV: 13    Int: 15    God:
Gold:   347        SH:  5    Dex: 12    Spells: 8/8 levels left

rFire   . .          .
                       - Unarmed
rCold   . . .        (no shield)
rNeg    . . .        (body armour unavailable)
rPois   .            (helmet currently unavailable)
rElec   +            (cloak currently unavailable)
rCorr   .            (gloves currently unavailable)
SInv    .            (boots currently unavailable)
Will    .....        e - amulet of reflection
Stlth   ++           t - +6 ring of intelligence
HPRegen 0.31/turn    (no ring)
MPRegen 0.11/turn

%: reflection
@: about to teleport, beast-form
A: beast (slay +2), breathe lightning, AC +7, unfitting armour, electricity
resistance, cold-blooded, hooves 1, stinger 1, strong 1, wild magic 1
a: Breathe Lightning, Begin Untransformation


You were on level 6 of the Dungeon.
You were a hulking beast.
You visited 1 branch of the dungeon, and saw 5 of its levels.

You collected 347 gold pieces.

Inventory:

Armour
 w - a +0 ring mail
 x - a +0 leather armour
Jewellery
 e - an amulet of reflection (around neck)
 t - a +6 ring of intelligence (left hand)
Talismans
 b - a beast talisman (active)
 c - a flux talisman
 q - a blade talisman
Wands
 v - a wand of roots (12)
Scrolls
 a - a scroll of fear {unknown}
 j - 4 scrolls of fog
 k - a scroll of identify
 n - a scroll of revelation {unknown}
 p - a scroll of vulnerability
 s - a scroll of brand weapon {unknown}
 u - 2 scrolls of enchant armour {unknown}
Potions
 d - a potion of magic
 g - a potion of degeneration
 h - a potion of cancellation {unknown}
 i - a potion of ambrosia {unknown}
 m - a potion of curing {unknown}
 o - a potion of enlightenment {unknown}
 r - 2 potions of mutation


   Skills:
 + Level 3.7 Fighting
 + Level 4.8 Dodging
 + Level 1.3 Stealth
 + Level 3.4 Shields
 + Level 9.4 Unarmed Combat
 + Level 4.6 Shapeshifting


You had 8 spell levels left.
You didn't know any spells.
Your spell library contained the following spells:

 Spells                   Type           Power      Damage    Failure   Level
 Shock                    Conj/Air       0%         1d3       34%         1
 Ensorcelled Hibernation  Hex/Ice        0%         N/A       47%         2
 Passwall                 Tmut/Erth      0%         N/A       47%         2
 Swiftness                Air            0%         N/A       71%         3
 Volatile Blastmotes      Fire/Tloc      0%         2d10      71%         3
 Airstrike                Air            0%         2d(0-16)  97%         4
 Fulminant Prism          Conj/Hex       0%         3d5       97%         4
 Iskenderun's Mystic Bla  Conj/Tloc      0%         2d3       97%         4


Dungeon Overview and Level Annotations

Branches:
Dungeon (6/15)             Temple (0/1) D:6

Altars:
Ashenzari
Gozag
Makhleb
Okawaru
Sif Muna

Shops:
D:2 [


Innate Abilities, Weirdness & Mutations

You are a hulking beast.
Your limbs bulge with bestial killing power. (Slay +2)
You can breathe wild blasts of lightning.
Your glossy black scales are hard. (AC +7)
You cannot fit into any form of body armour.
You are resistant to electric shocks. (rElec)
You are cold-blooded and may be slowed by cold attacks.
You have large cloven feet.
Your tail ends in a venomous barb.
Your muscles are strong. (Str +4, Int/Dex -1)
Your spells are a little harder to cast, but a little more powerful.


Message History

You hit the kobold. You kick the kobold.
You kill the kobold!
Items here: ( ))) †.
You see here a scroll of identify.
You see here 4 gold pieces.
You now have 347 gold pieces (gained 4).
Something hits you but does no damage.
You see here a scroll of identify.
Something hits you but does no damage. Something hits you!
You see here a scroll of identify.
k - a scroll of identify Something hits you.
Something hits you but does no damage. Something barely misses you.
Something hits you but does no damage. Something hits you.
Something hits you but does no damage. x2
You see here a +0 short sword.
Items here: ( ))) †.
Something hits you.
Things that are here:
a +0 whip; a curare-tipped dart; a +0 short sword Something hits you.
Something hits you. Something hits you but does no damage. Something hits you.
Something hits you. Something hits you! Something hits you! Something hits you.
Something hits you. x2
* * * LOW HITPOINT WARNING * * *
You see here a throwing net.
Something hits you.
* * * LOW HITPOINT WARNING * * *
Something hits you but does no damage.
As you read the scroll of teleportation, it crumbles to dust.
You feel strangely unstable. Something hits you but does no damage.
Something hits you.
* * * LOW HITPOINT WARNING * * *
Something hits you!
* * * LOW HITPOINT WARNING * * *
Something hits you!
You die...

###..)........##.####
#...))...........#
#.#.#.##.........
#)))..#######.#.##
#.###.# #.#)# ....# #.#
#.#.# ##..###.# #.#.##
#......#######..#.######
#..#.#(...h....###.....#
....#.##########.#.####.#
..## #.## #.# #.# #.# #)#
#.# #.#


There were no monsters in sight!

Vanquished Creatures
  Pikel (D:5)
  Menkaure (D:6)
  3 ogres
  A lemure (D:5)
  A kobold brigand (D:6)
  A gnoll sergeant (D:6)
  A scorpion (D:5)
  5 wights (D:6)
  6 killer bees (D:6)
  6 hounds
  A jelly (D:4)
  2 orc priests (D:4)
  A sleepcap (D:5)
  Jessica (D:2)
  Ijyb (D:5)
  2 iguanas
  3 orc wizards
  6 adders
  3 gnolls (D:6)
  A shadow imp (D:6)
  An ufetubus (D:6)
  A worm (D:2)
  6 dart slugs
  13 orcs
  2 bats (D:1)
  8 endoplasms
  2 giant cockroaches (D:1)
  9 goblins
  6 hobgoblins
  7 jackals
  2 quokkas
  7 ball pythons
  11 kobolds
  5 rats
127 creatures vanquished.

Notes
Turn   | Place    | Note
-------+----------+-------------------------------------------
     0 | D:1      | Barthur98 the Draconian Shapeshifter began the quest for
                  | the Orb.
     0 | D:1      | Reached XP level 1. HP: 16/16 MP: 1/1
   258 | D:1      | Reached XP level 2. HP: 23/23 MP: 2/2
   701 | D:1      | Reached XP level 3. HP: 18/28 MP: 3/3
  1097 | D:1      | Found a faded altar of an unknown god.
  1461 | D:2      | Found Kait's Armour Boutique.
  1520 | D:2      | Reached skill level 4 in Unarmed Combat
  1560 | D:2      | Noticed Jessica
  1574 | D:2      | Killed Jessica
  1575 | D:2      | Reached XP level 4. HP: 13/35 MP: 4/4
  1887 | D:2      | You fall into a shaft and drop 2 floors!
  2312 | D:4      | Found a broken altar of Ashenzari.
  2338 | D:4      | Reached XP level 5. HP: 36/40 MP: 5/5
  2353 | D:4      | Reached skill level 5 in Unarmed Combat
  2362 | D:4      | Reached skill level 1 in Shields
  2467 | D:4      | Found a shimmering blue altar of Sif Muna.
  2692 | D:5      | Entered Level 5 of the Dungeon
  2748 | D:5      | Reached XP level 6. HP: 40/47 MP: 6/6
  2887 | D:5      | Reached skill level 6 in Unarmed Combat
  2896 | D:5      | Found an opulent altar of Gozag.
  2930 | D:5      | Noticed Pikel
  2963 | D:5      | Killed Pikel
  2964 | D:5      | Reached skill level 1 in Stealth
  2964 | D:5      | Reached skill level 7 in Unarmed Combat
  2964 | D:5      | Your scales start taking on a glossy black colour.
  2964 | D:5      | Reached XP level 7. HP: 19/55 MP: 7/7
  2964 | D:5      | Gained mutation: You are resistant to electric shocks.
                  | (rElec) [Black Draconian growth]
  3086 | D:5      | Gained mutation: Your spells are a little harder to cast,
                  | but a little more powerful. [potion of mutation]
  3086 | D:5      | Gained mutation: Your muscles are strong. (Str +4, Int/Dex
                  | -1) [potion of mutation]
  3086 | D:5      | Gained mutation: Your tail ends in a venomous barb. [potion
                  | of mutation]
  3086 | D:5      | Gained mutation: You have large cloven feet. [potion of
                  | mutation]
  3099 | D:5      | Found a burning altar of Makhleb.
  3218 | D:5      | Noticed Ijyb
  3229 | D:5      | Killed Ijyb
  3383 | D:5      | Reached XP level 8. HP: 44/61 MP: 8/8
  3715 | D:5      | Reached skill level 8 in Unarmed Combat
  4158 | D:6      | Identified the +8 trident of the Ass {antimagic, Will+}
  4234 | D:6      | Noticed Menkaure
  4248 | D:6      | Killed Menkaure
  4428 | D:6      | Reached skill level 9 in Unarmed Combat
  4520 | D:6      | Found a staircase to the Ecumenical Temple.
  4600 | D:6      | Found an iron altar of Okawaru.
  4629 | D:6      | Reached XP level 9. HP: 66/71 MP: 9/9
  4981 | D:6      | Slain by an unseen horror

Illustrated notes

Levels and vault maps discovered:
D:1:      matt_arrival_spirals, layout_basic, ebering_ecumenical_altar_hall,
          hangedman_abyss_or_decor_stabs, bh_walls_and_bars
D:2:      layout_basic, serial_shops, shop, uniq_jessica, uniq_sigmund
D:4:      layout_basic, mainiacjoe_overflow_catwalk, amcnicky_altar_gilded,
          serial_rivers, chequers_serial_rivers_small_3,
          chequers_serial_rivers_micro_a, chequers_serial_rivers_small_a,
          chequers_serial_rivers_micro_b
D:5:      layout_loops_ring, mainiacjoe_overflow_catch_the_wave,
          kennysheep_opposing_triangles, uniq_ijyb, uniq_pikel
D:6:      layout_loops_ring, mainiacjoe_overflow_cross_hatched,
          lemuel_temple_firewalk_b, nicolae_wooded_promenade, uniq_menkaure,
          uniq_grinder

Skill      XL: |  1  2  3  4  5  6  7  8 |
---------------+-------------------------+-----
Dodging        | 2 3 4 |  4.8
Unarmed Combat | 4 5 7 9 |  9.4
Shields        | 1 2 3 |  3.4
Fighting       | 2 3 |  3.7
Stealth        | 1 |  1.3
Shapeshifting  | 4 |  4.6

Action                     |  1- 3 |  4- 6 |  7- 9 || total
---------------------------+-------+-------+-------++-------
  Melee: Unarmed           |    78 |   181 |   132 ||   391
         Tailslap          |     9 |    17 |    18 ||    44
         Punch             |     1 |     5 |     3 ||     9
         Kick              |       |       |    46 ||    46
Ability: Breathe Lightning |       |       |     5 ||     5
    Use: Scroll            |       |     4 |     5 ||     9
         Potion            |       |     3 |     4 ||     7
 Armour: Skin              |    36 |   116 |   113 ||   265
  Dodge: Dodged            |    39 |    91 |    77 ||   207
  Block: Other             |     8 |    44 |    43 ||    95
         Reflection        |       |     3 |       ||     3

Table legend: (Time is in decaauts)
 A = Elapsed time spent in this place.
 B = Non-inter-level travel time spent in this place.
 C = Inter-level travel time spent in this place.
 D = Time resting spent in this place.
 E = Time spent auto-exploring this place.
 F = Levels seen in this place.
 G = Mean time per level.
                   A        B        C        D        E       F      G
               +--------+--------+--------+--------+--------+-----+--------+
         Total |   4948 |   4442 |    506 |      0 |   1813 |   5 |  989.6 |
       Dungeon |   4948 |   4442 |    506 |      0 |   1813 |   5 |  989.6 |
               +--------+--------+--------+--------+--------+-----+--------+

Top non-repeatable levels by time:
     D:1: 1450 daAuts
     D:5: 1144 daAuts
     D:6: 1115 daAuts
     D:4: 804 daAuts
     D:2: 433 daAuts
